 Dungeon Sprint DCSS version 0.30-a0-605-gb2882149bf (webtiles) character file.

Game seed: 8371622944273877405

21200000 NinjaNoafa the Intangible (level 27, -10/296 HPs)
             Began as a Djinni Warper on Jan 8, 2023.
             Was the Champion of Makhleb.
             Mangled by a destroyer
             ... wielding a +9 heavy great sword
              (95 damage)
             ... in the Dungeon (Sprint VIII: "Arena of Blood").
             The game lasted 00:05:10 (212 turns).

NinjaNoafa the Intangible (Djinni Warper)            Turns: 212, Time: 00:05:11

Health: -10/296    AC: 30    Str: 10    XL:     27
Gold:   0          EV: 37    Int: 18    God:    Makhleb [******] SH:  0 Dex: 24

rFire   + + .      SeeInvis +    j - +∞ Axe of Woe
rCold   x . .      Faith    .    (shield currently unavailable)
rNeg    + . .      Spirit   .    (body armour currently unavailable)
rPois   ∞          Reflect  .    (no helmet)
rElec   +          Harm     .    (no cloak)
rCorr   .          Rampage  .    (gloves currently unavailable)
Will    ++...      NoTele   +    (boots unavailable)
Stlth   ++++                     (no amulet)
HPRegen 0.69/turn                k - ring of see invisible
MPRegen 0.00/turn                (no ring)

@: confused, statue-form, calling dragons, flying, slowed, very slow
A: slow and powerful, torment resistance 1, flying, boosted hp, sickness
immunity, fire resistance 2, cold vulnerability 1, float, innate caster, HP
casting, extra vitality 1
a: End Transformation, Renounce Religion, Minor Destruction, Lesser Servant of
Makhleb, Major Destruction, Greater Servant of Makhleb


You were in the Dungeon.
You worshipped Makhleb.
Makhleb was exalted by your worship.
You were a living statue of rough stone.
You visited 1 branch

Inventory:

Hand Weapons
 a - a +0 hand axe
 j - the +∞ Axe of Woe (weapon)
   (You found it in the Dungeon)
Missiles
 d - 7 boomerangs of dispersal
Armour
 b - a +0 leather armour (melded)
Jewellery
 k - a ring of see invisible (left fist)
 l - a +30 ring of slaying
 m - a +30 ring of slaying
 n - a +250 ring of slaying
 o - a +200 ring of slaying
 p - a +200 ring of slaying
 q - a +250 ring of slaying
 r - a +30 ring of slaying
 s - a +30 ring of slaying
 t - a +200 ring of slaying
 u - a +30 ring of slaying
 v - a +30 ring of slaying
 w - a +30 ring of slaying
 x - a +250 ring of slaying
 y - a +30 ring of slaying
 z - a +200 ring of slaying
 A - a +100 ring of slaying
 B - a +30 ring of slaying
 C - a +30 ring of slaying
 D - a +200 ring of slaying
Scrolls
 c - 2 scrolls of blinking
Potions
 f - a potion of heal wounds
 g - a potion of haste
 h - 2 potions of magic
 i - a potion of berserk rage


   Skills:
 O Level 27 Fighting
 O Level 27 Short Blades
 O Level 27 Long Blades
 O Level 27 Axes
 O Level 27 Maces & Flails
 O Level 27 Polearms
 O Level 27 Staves
 O Level 27 Ranged Weapons
 O Level 27 Throwing
 O Level 27 Armour
 O Level 27 Dodging
 O Level 27 Stealth
 O Level 27 Shields
 O Level 27 Unarmed Combat
 O Level 27 Spellcasting
 O Level 27 Invocations
 O Level 27 Evocations


You couldn't memorise any spells.
You knew the following spells:

 Your Spells              Type           Power      Damage    Failure   Level
a - Blink                 Tloc           100%       N/A       0%          2
b - Lesser Beckoning      Tloc           100%       N/A       0%          3
c - Vhi's Electric Charg  Tloc/Air       100%       N/A       0%          3
d - Teleport Other        Tloc           88%        N/A       0%          3
e - Manifold Assault      Tloc           88%        N/A       0%          4
f - Foxfire               Conj/Fire      100%       2x1d9     0%          1
g - Static Discharge      Conj/Air       100%       2-7/arc   0%          2
h - Poisonous Vapours     Pois/Air       100%       N/A       0%          2
i - Petrify               Tmut/Erth      88%        N/A       0%          4
j - Sticky Flame          Conj/Fire      88%        2d10      0%          4
k - Summon Mana Viper     Hex/Summ       88%        N/A       0%          5
l - Starburst             Conj/Fire      44%        6d12      0%          6
m - Statue Form           Tmut/Erth      58%        N/A       0%          6
n - Iron Shot             Conj/Erth      44%        9d9       0%          6
o - Lehudib's Crystal Sp  Conj/Erth      44%        10d11     1%          8
p - Malign Gateway        Summ/Tloc      44%        N/A       1%          7
q - Dragon's Call         Summ           44%        N/A       2%          9
r - Shatter               Erth           44%        3d34*     2%          9
Your spell library was empty.

Dungeon Overview and Level Annotations

Branches:
Dungeon (1/1)

Altars:
Makhleb

Annotations:
D The Defiler


Innate Abilities, Weirdness & Mutations

You are a living statue of rough stone.
Your actions are slow, but your melee attacks are powerful.
You are resistant to unholy torment.
You are flying.
Your maximum health is greatly increased.
Your equipment is partially melded.
You are immune to sickness and miasma.
You are immune to poison.
Your flesh is very heat resistant. (rF++)
You are vulnerable to cold. (rC-)
You float through the air rather than walking.
You learn spells naturally, not from books.
Your magical power is your life essence.
You have superior vitality. (+4 MHP)


Message History

You hear a shout!
A fleshlord comes into view. It is wielding a +9 great mace.
You are confused.
You are more confused.
You hear a shout!
You barely resist. The scourge throws poison sting at you.
The poison arrow hits you!! You partially resist.
The meat beast is engulfed in poison gas.
The meat beast is poisoned.
The eight-headed meat hydra calls on the powers of darkness!
The eight-headed meat hydra convulses!
The scourge convulses!
The fleshlord convulses!
Your body is wracked with pain!
The bag of meat convulses!
The meat berserker convulses!
The observer convulses!
The eight-headed meat hydra convulses!
The bag of meat convulses!
The bag of meat shouts!
The Defiler convulses!
Your ice dragon convulses!
The eight-headed meat hydra convulses!
You hear a shout!
The scourge breathes poison at you.
The blast of poison engulfs you but does no damage.
You resist.
The dread calls on the powers of darkness!
The eight-headed meat hydra convulses!
The fleshlord convulses!
The bag of meat convulses!
The observer convulses!
The fleshlord convulses!
The meat berserker convulses!
The scourge convulses! x2
Your body is wracked with pain!
* * * LOW HITPOINT WARNING * * *
You barely resist.
A bag of meat comes into view. It is wielding a +9 war axe.
The wretched soul is engulfed in blazing flames.
You hear a shout!
You barely resist.
The Defiler is engulfed in blazing flames.
A dread comes into view.
The meat berserker rages.
A meat berserker comes into view. It is wielding a +9 battleaxe.
The destroyer hits you with a +9 heavy great sword!!!!
You die...

))o...).###).....
..W###o))..).###)
.§§@.#).†G))p#.))))
.o†Wo#).D9oW.#.))..
...O§))))§...o..)..
..).))p°.)V)§)).)#
...D)S9.°°°OWS).#)
)..).§○○V○2)9)##)).
.).).)))☼8°○.#.))).
...)).))○9○).#.))##
..)##.#○○D†))))))).
)..).)).).)..)..)..
###†..D#)V)).####..
.......))))...#. .
.......)))...)...
#......)........#
#################


You could see a meat beast (fast, poisoned), 3 eight-headed meat hydras, 3
destroyers, an observer, 2 scourges, 2 fleshlords, The Defiler, 2 dreads, 4
viles, 2 meat berserkers, 2 wretched souls, 4 bags of meat and a friendly ice
dragon (summoned).

Vanquished Creatures
  6 molten gargoyles (D)
  24 vampire knights (D)
  52 ogres (D)
  8 two-headed ogres (D)
  4 liches (D)
  19 hydras (D)
  24 phantoms (D)
  9 hell beasts (D)
  82 orcs (D)
  15 skeletal warriors (D)
  25 hell knights (D)
  21 sea snakes (D)
  8 royal mummies (D)
  18 great orbs of eyes (D)
  19 wraiths (D)
  Harold (D)
335 creatures vanquished.

Vanquished Creatures (collateral kills)
  A sea snake (D)
  A shapeshifter (D)
2 creatures vanquished.

Vanquished Creatures (others)
  4 eldritch tentacles (D)
4 creatures vanquished.

Grand Total: 341 creatures vanquished

Notes
Turn   | Place    | Note
-------+----------+-------------------------------------------
     0 | D        | Found the +∞ Axe of Woe
     0 | D        | NinjaNoafa the Djinni Warper began the quest for the Orb.
     0 | D        | NinjaNoafa set off with the following spells memorised:
                  | Blink, Lesser Beckoning, Vhi's Electric Charge, Teleport
                  | Other, Manifold Assault.
     0 | D        | Reached XP level 1. HP: 18/18 MP: 0/0
     1 | D        | Noticed a bag of meat
     3 | D        | Killed a bag of meat
     3 | D        | Noticed a meat berserker
     3 | D        | Noticed a bag of meat
     3 | D        | Noticed a bag of meat
     4 | D        | Reached XP level 2. HP: 37/37 MP: 0/0
     4 | D        | Reached XP level 3. HP: 42/42 MP: 0/0
     4 | D        | Learned a level 1 spell: Foxfire
     4 | D        | Reached XP level 4. HP: 49/49 MP: 0/0
     4 | D        | Reached XP level 5. HP: 53/53 MP: 0/0
     4 | D        | Learned a level 2 spell: Static Discharge
     4 | D        | Reached XP level 6. HP: 59/59 MP: 0/0
     4 | D        | Reached XP level 7. HP: 65/65 MP: 0/0
     4 | D        | Learned a level 2 spell: Poisonous Vapours
     4 | D        | Reached XP level 8. HP: 71/71 MP: 0/0
     4 | D        | Reached XP level 9. HP: 76/76 MP: 0/0
     4 | D        | Learned a level 4 spell: Petrify
     4 | D        | Reached XP level 10. HP: 82/82 MP: 0/0
     4 | D        | Reached XP level 11. HP: 87/87 MP: 0/0
     4 | D        | Learned a level 4 spell: Sticky Flame
     4 | D        | Noticed a bag of meat
     5 | D        | Became a worshipper of Makhleb the Destroyer
     5 | D        | Noticed a bag of meat
     6 | D        | Killed a bag of meat
     6 | D        | Killed a meat berserker
     6 | D        | Reached * piety under Makhleb
     6 | D        | Killed a bag of meat
     6 | D        | Noticed a bag of meat
     7 | D        | Reached skill level 15 in Fighting
     7 | D        | Reached skill level 15 in Armour
     7 | D        | Reached XP level 12. HP: 99/103 MP: 0/0
     7 | D        | Reached XP level 13. HP: 104/108 MP: 0/0
     7 | D        | Learned a level 5 spell: Summon Mana Viper
     7 | D        | Reached XP level 14. HP: 110/114 MP: 0/0
     7 | D        | Noticed a meat berserker
     7 | D        | Noticed a bag of meat
     9 | D        | Killed a bag of meat
     9 | D        | Killed a bag of meat
     9 | D        | Reached ** piety under Makhleb
     9 | D        | Killed a meat berserker
     9 | D        | Noticed a bag of meat
     9 | D        | Noticed a bag of meat
    10 | D        | Reached skill level 15 in Axes
    10 | D        | Reached XP level 15. HP: 125/125 MP: 0/0
    10 | D        | Learned a level 6 spell: Starburst
    10 | D        | Reached *** piety under Makhleb
    10 | D        | Noticed a meat berserker
    11 | D        | Reached skill level 15 in Spellcasting
    11 | D        | Reached XP level 16. HP: 136/136 MP: 0/0
    11 | D        | Noticed a meat berserker
    12 | D        | Noticed a meat berserker
    12 | D        | Reached **** piety under Makhleb
    12 | D        | Noticed a meat berserker
    13 | D        | Reached XP level 17. HP: 145/145 MP: 0/0
    13 | D        | Learned a level 6 spell: Statue Form
    14 | D        | Killed a meat berserker
    14 | D        | Reached ***** piety under Makhleb
    15 | D        | Noticed a meat berserker
    15 | D        | Noticed a meat berserker
    16 | D        | Reached XP level 18. HP: 125/158 MP: 0/0
    16 | D        | Killed a meat berserker
    16 | D        | Killed a meat berserker
    17 | D        | Reached XP level 19. HP: 168/168 MP: 0/0
    17 | D        | Learned a level 6 spell: Iron Shot
    17 | D        | Reached ****** piety under Makhleb
    17 | D        | Killed a meat berserker
    18 | D        | Reached skill level 27 in Dodging
    18 | D        | Noticed a large bag of meat
    19 | D        | Reached skill level 27 in Fighting
    19 | D        | Reached skill level 27 in Armour
    19 | D        | Reached XP level 20. HP: 151/181 MP: 0/0
    19 | D        | Killed a meat berserker
    20 | D        | Killed a large bag of meat
    20 | D        | Killed a meat berserker
    21 | D        | Reached XP level 21. HP: 164/187 MP: 0/0
    21 | D        | Learned a level 8 spell: Lehudib's Crystal Spear
    22 | D        | Noticed a destroyer
    23 | D        | Killed a destroyer
    23 | D        | Noticed a large bag of meat
    24 | D        | Reached skill level 27 in Axes
    24 | D        | Reached skill level 27 in Spellcasting
    24 | D        | Reached skill level 27 in Invocations
    24 | D        | Noticed a large bag of meat
    25 | D        | Killed a large bag of meat
    25 | D        | Killed a large bag of meat
    25 | D        | Noticed a destroyer
    25 | D        | Noticed a meat berserker
    26 | D        | Reached XP level 22. HP: 194/194 MP: 0/0
    26 | D        | Noticed a destroyer
    26 | D        | Killed a destroyer
    26 | D        | Killed a meat berserker
    26 | D        | Killed a destroyer
    26 | D        | Noticed a destroyer
    26 | D        | Noticed a meat berserker
    27 | D        | Reached skill level 10 in Maces & Flails
    27 | D        | Reached skill level 10 in Polearms
    27 | D        | Reached skill level 10 in Ranged Weapons
    27 | D        | Noticed a meat berserker
    27 | D        | Noticed a large bag of meat
    27 | D        | Noticed a destroyer
    28 | D        | Killed a large bag of meat
    28 | D        | Killed a destroyer
    28 | D        | Killed a meat berserker
    29 | D        | Reached skill level 15 in Shields
    29 | D        | Reached skill level 15 in Unarmed Combat
    29 | D        | Reached skill level 15 in Evocations
    29 | D        | Reached XP level 23. HP: 201/201 MP: 0/0
    29 | D        | Learned a level 7 spell: Malign Gateway
    29 | D        | Killed a destroyer
    29 | D        | Noticed a large bag of meat
    30 | D        | Reached skill level 15 in Long Blades
    30 | D        | Reached skill level 15 in Staves
    30 | D        | Reached skill level 15 in Stealth
    30 | D        | Reached XP level 24. HP: 208/208 MP: 0/0
    30 | D        | Noticed a destroyer
    31 | D        | Noticed a destroyer
    32 | D        | Noticed a destroyer
    33 | D        | Killed a large bag of meat
    34 | D        | Killed a destroyer
    35 | D        | Reached skill level 15 in Maces & Flails
    35 | D        | Reached skill level 15 in Polearms
    35 | D        | Reached skill level 15 in Ranged Weapons
    35 | D        | Killed a destroyer
    35 | D        | Killed a destroyer
    36 | D        | Reached XP level 25. HP: 214/214 MP: 0/0
    36 | D        | Learned a level 9 spell: Dragon's Call
    36 | D        | Noticed a destroyer
    36 | D        | Killed a destroyer
    39 | D        | Noticed a destroyer
    40 | D        | Noticed a destroyer
    41 | D        | Killed a destroyer
    42 | D        | Noticed a destroyer
    42 | D        | Killed a destroyer
    43 | D        | Reached XP level 26. HP: 218/221 MP: 0/0
    43 | D        | Noticed an accursed
    43 | D        | Killed an accursed
    44 | D        | Reached XP level 27. HP: 116/228 MP: 0/0
    44 | D        | Learned a level 9 spell: Shatter
    44 | D        | Killed a destroyer
    44 | D        | Noticed a destroyer
    45 | D        | Killed a destroyer
    46 | D        | Noticed an accursed
    48 | D        | Killed an accursed
    48 | D        | Noticed a tyrant
    49 | D        | Reached skill level 27 in Throwing
    49 | D        | Reached skill level 27 in Shields
    49 | D        | Reached skill level 27 in Unarmed Combat
    49 | D        | Reached skill level 27 in Evocations
    52 | D        | Reached skill level 27 in Short Blades
    52 | D        | Noticed a tyrant
    54 | D        | Noticed a destroyer
    55 | D        | Noticed a tyrant
    58 | D        | Noticed a destroyer
    58 | D        | Killed a destroyer
    58 | D        | Killed a tyrant
    59 | D        | Reached skill level 27 in Long Blades
    59 | D        | Reached skill level 27 in Staves
    59 | D        | Reached skill level 27 in Stealth
    59 | D        | Killed a tyrant
    59 | D        | Killed a destroyer
    60 | D        | Reached skill level 27 in Maces & Flails
    60 | D        | Reached skill level 27 in Polearms
    60 | D        | Reached skill level 27 in Ranged Weapons
    65 | D        | Noticed an accursed
    65 | D        | Noticed a meat beast
    65 | D        | Noticed a tyrant
    66 | D        | Killed a tyrant
    66 | D        | Killed a meat beast
    67 | D        | Noticed a destroyer
    69 | D        | Killed an accursed
    69 | D        | Noticed a meat beast
    71 | D        | Noticed a dread
    73 | D        | Killed a tyrant
    76 | D        | Killed a meat beast
    76 | D        | Killed a destroyer
    78 | D        | Killed a dread
    92 | D        | Noticed a meat beast
    92 | D        | Killed a meat beast
    96 | D        | Noticed an accursed
    96 | D        | Killed an accursed
   104 | D        | Noticed a destroyer
   105 | D        | Noticed a meat beast
   107 | D        | Killed a destroyer
   107 | D        | Killed a meat beast
   112 | D        | Noticed a destroyer
   112 | D        | Killed a destroyer
   112 | D        | Noticed a dread
   112 | D        | Noticed a dread
   113 | D        | Killed a dread
   113 | D        | Killed a dread
   114 | D        | Noticed a dread
   115 | D        | Noticed a destroyer
   115 | D        | Killed a destroyer
   116 | D        | Noticed a dread
   116 | D        | Noticed an accursed
   117 | D        | Killed a dread
   117 | D        | Killed an accursed
   118 | D        | Killed a dread
   118 | D        | Noticed an accursed
   118 | D        | Noticed a destroyer
   119 | D        | Killed an accursed
   119 | D        | Noticed a fleshlord
   119 | D        | Noticed a fleshlord
   120 | D        | Killed a fleshlord
   120 | D        | Killed a fleshlord
   120 | D        | Killed a destroyer
   120 | D        | Noticed a fleshlord
   121 | D        | Killed a fleshlord
   124 | D        | Noticed a fleshlord
   124 | D        | Killed a fleshlord
   125 | D        | Noticed a fleshlord
   126 | D        | Killed a fleshlord
   127 | D        | Noticed a fleshlord
   127 | D        | Noticed a dread
   128 | D        | Noticed a meat beast
   128 | D        | Killed a meat beast
   128 | D        | Killed a dread
   128 | D        | Noticed a fleshlord
   129 | D        | Killed a fleshlord
   129 | D        | Killed a fleshlord
   130 | D        | Noticed a fleshlord
   131 | D        | Killed a fleshlord
   134 | D        | Noticed a dread
   134 | D        | Killed a dread
   134 | D        | Noticed a dread
   135 | D        | Killed a dread
   136 | D        | Noticed a dread
   136 | D        | Killed a dread
   136 | D        | Noticed a fleshlord
   136 | D        | Noticed a large bag of meat
   137 | D        | Killed a fleshlord
   137 | D        | Killed a large bag of meat
   141 | D        | Noticed a destroyer
   141 | D        | Killed a destroyer
   145 | D        | Noticed a fleshlord
   145 | D        | Killed a fleshlord
   149 | D        | Noticed a meat beast
   149 | D        | Killed a meat beast
   154 | D        | Noticed a destroyer
   154 | D        | Killed a destroyer
   154 | D        | Noticed a meat beast
   154 | D        | Noticed a fleshlord
   155 | D        | Killed a fleshlord
   155 | D        | Noticed a dread
   156 | D        | Killed a meat beast
   156 | D        | Killed a dread
   157 | D        | Noticed a fleshlord
   158 | D        | Killed a fleshlord
   163 | D        | Noticed a fleshlord
   164 | D        | Noticed a fleshlord
   164 | D        | Killed a fleshlord
   164 | D        | Killed a fleshlord
   165 | D        | Noticed a fleshlord
   166 | D        | Killed a fleshlord
   167 | D        | Noticed a dread
   167 | D        | Killed a dread
   171 | D        | Noticed a meat beast
   173 | D        | Noticed a dread
   174 | D        | Killed a dread
   175 | D        | Noticed a fleshlord
   176 | D        | Killed a fleshlord
   176 | D        | Noticed a fleshlord
   176 | D        | Noticed an accursed
   177 | D        | Killed a fleshlord
   177 | D        | Killed an accursed
   178 | D        | Noticed a dread
   178 | D        | Killed a dread
   180 | D        | Noticed a dread
   180 | D        | Noticed a fleshlord
   181 | D        | Killed a fleshlord
   181 | D        | Killed a dread
   182 | D        | Noticed a fleshlord
   183 | D        | Killed a fleshlord
   185 | D        | Noticed a fleshlord
   186 | D        | Noticed a vile
   186 | D        | Killed a fleshlord
   186 | D        | Killed a vile
   187 | D        | Noticed a large bag of meat
   188 | D        | Killed a large bag of meat
   188 | D        | Noticed a dread
   189 | D        | Noticed a fleshlord
   189 | D        | Killed a fleshlord
   189 | D        | Killed a dread
   190 | D        | Noticed a vile
   190 | D        | Killed a vile
   191 | D        | Noticed a fleshlord
   191 | D        | Noticed a fleshlord
   192 | D        | Killed a fleshlord
   192 | D        | Killed a fleshlord
   198 | D        | Noticed a vile
   198 | D        | Noticed a dread
   199 | D        | Noticed The Servant
   199 | D        | Killed a dread
   199 | D        | Killed a vile
   200 | D        | Noticed a vile
   200 | D        | Killed a vile
   200 | D        | Killed The Servant
   201 | D        | Noticed a vile
   201 | D        | Killed a vile
   201 | D        | Noticed a vile
   202 | D        | Killed a vile
   203 | D        | Noticed a meat beast
   203 | D        | Noticed a dread
   203 | D        | Noticed a fleshlord
   204 | D        | Killed a meat beast
   204 | D        | Killed a fleshlord
   204 | D        | Noticed a meat beast
   205 | D        | Killed a meat beast
   205 | D        | Noticed a dread
   205 | D        | Noticed a fleshlord
   206 | D        | Killed a fleshlord
   206 | D        | Noticed a dread
   207 | D        | Noticed a destroyer
   207 | D        | Killed a dread
   207 | D        | Killed a dread
   207 | D        | Noticed a destroyer
   208 | D        | Noticed a vile
   208 | D        | Killed a destroyer
   208 | D        | Killed a destroyer
   208 | D        | Noticed an accursed
   208 | D        | Noticed a vile
   209 | D        | Noticed a destroyer
   209 | D        | Noticed a destroyer
   209 | D        | Killed a dread
   209 | D        | Noticed a dread
   209 | D        | Noticed a meat beast
   209 | D        | Noticed a large bag of meat
   210 | D        | Noticed a destroyer
   210 | D        | Killed an accursed
   210 | D        | Killed a large bag of meat
   210 | D        | Noticed a fleshlord
   211 | D        | Noticed a vile
   212 | D        | Noticed a vile
   212 | D        | Noticed The Defiler
   212 | D        | Noticed a fleshlord
   212 | D        | Noticed a dread
   212 | D        | Mangled by a destroyer

Illustrated notes

Levels and vault maps discovered:
D:        meatsprint

Skill      XL: |  1  2  3  4  5  6  7  8  9 10 11 12 13 14 15 16 17 18 19 20 21 22 23 24 25 26 27 |
---------------+----------------------------------------------------------------------------------+-----
Fighting       | 11 15 17 19 20 23 25 27 | 27.0
Axes           | 9 13 15 16 17 20 21 23 26 27 | 27.0
Throwing       | 9 13 14 16 17 20 21 22 24 25 27 | 27.0
Armour         | 11 15 17 19 20 23 25 27 | 27.0
Dodging        | 12 16 19 21 22 25 26 27 | 27.0
Spellcasting   | 8 12 14 15 16 18 20 22 25 27 | 27.0
Invocations    | 7 14 17 21 26 27 | 27.0
Short Blades   | 8 14 16 19 22 23 27 | 27.0
Long Blades    | 7 13 15 18 21 22 27 | 27.0
Maces & Flails | 7 12 14 17 19 20 27 | 27.0
Polearms       | 7 12 14 17 19 20 27 | 27.0
Staves         | 7 13 15 18 21 22 27 | 27.0
Ranged Weapons | 7 12 14 17 19 20 27 | 27.0
Stealth        | 7 13 15 18 21 22 27 | 27.0
Shields        | 8 15 16 19 22 24 27 | 27.0
Unarmed Combat | 8 15 16 19 22 24 27 | 27.0
Evocations     | 8 15 16 19 22 24 27 | 27.0

Action                   |  1- 3 |  4- 6 |  7- 9 | 10-12 | 13-15 | 16-18 | 19-21 | 22-24 | 25-27 || total
-------------------------+-------+-------+-------+-------+-------+-------+-------+-------+-------++-------
Melee: Executioner's axe |     1 |       |       |     3 |     7 |    13 |    17 |    20 |   273 ||   334
 Cast: Manifold Assault  |       |       |       |     1 |     2 |     4 |     6 |     6 |   112 ||   131
       Summon Mana Viper |       |       |       |       |     1 |       |       |       |       ||     1
       Starburst         |       |       |       |       |       |     1 |       |       |       ||     1
       Malign Gateway    |       |       |       |       |       |       |       |     1 |     3 ||     4
       Lehudib's Crystal |       |       |       |       |       |       |       |     1 |       ||     1
       Dragon's Call     |       |       |       |       |       |       |       |       |     2 ||     2
       Statue Form       |       |       |       |       |       |       |       |       |     3 ||     3
 Abil: End Transformatio |       |       |       |       |       |       |       |       |     1 ||     1
  Use: Potion            |       |       |       |       |       |       |       |       |     1 ||     1
 Stab: Petrifying        |       |       |       |       |       |       |       |       |     1 ||     1
       Petrified         |       |       |       |       |       |       |       |       |     1 ||     1
Armor: Leather armour    |       |       |       |       |       |       |       |       |     1 ||     1
       Skin              |       |       |       |       |       |       |       |       |     1 ||     1
Dodge: Dodged            |       |       |       |       |       |     1 |     1 |       |     9 ||    11

Table legend: (Time is in decaauts)
 A = Elapsed time spent in this place.
 B = Non-inter-level travel time spent in this place.
 C = Inter-level travel time spent in this place.
 D = Time resting spent in this place.
 E = Time spent auto-exploring this place.
 F = Levels seen in this place.
 G = Mean time per level.
                   A        B        C        D        E       F      G
               +--------+--------+--------+--------+--------+-----+--------+
         Total |    224 |    224 |      0 |      0 |      5 |   1 |  224.0 |
       Dungeon |    224 |    224 |      0 |      0 |      5 |   1 |  224.0 |
               +--------+--------+--------+--------+--------+-----+--------+

Top non-repeatable levels by time:
       D: 224 daAuts
